 Dungeon Crawl Stone Soup version 0.28.0-53-g5a82cb258f (webtiles) character file.

Game seed: 12587027734962636448

14 jiml777 the Digger (level 2, -1/15 HPs)
             Began as a Gargoyle Earth Elementalist on June 10, 2022.
             Frozen to death by an endoplasm (5 damage)
             ... on level 1 of the Dungeon.
             The game lasted 00:03:52 (570 turns).

jiml777 the Digger (Gargoyle Earth Elementalist)     Turns: 570, Time: 00:03:52

Health: -1/15      AC:  4    Str: 11    XL:     2   Next: 41%
Magic:  4/5        EV: 12    Int: 15    God:
Gold:   37         SH:  0    Dex: 10    Spells: 4/5 levels left

rFire   . . .      SeeInvis .   g - +0 rapier
rCold   . . .      Faith    .   (no shield)
rNeg    + . .      Spirit   .   b - +0 robe
rPois   ∞          Reflect  .   (no helmet)
rElec   +          Harm     .   (no cloak)
rCorr   .          Rampage  .   (no gloves)
Will    .....                   (no boots)
Stlth   ++........              (no amulet)
HPRegen 0.05/turn               (no ring)
MPRegen 0.09/turn               (no ring)

@: no status effects
A: sickness immunity, AC +2, negative energy resistance 1, electricity
resistance, torment resistance 1, petrification resistance
a: no special abilities


You were on level 1 of the Dungeon.
You visited 1 branch of the dungeon, and saw 1 of its levels.

You collected 37 gold pieces.

Inventory:

Hand Weapons
 g - a +0 rapier (weapon)
Missiles
 c - 11 stones
 f - 14 bolts
Armour
 b - a +0 robe (worn)
Scrolls
 a - a scroll of identify {unknown}
Potions
 d - a potion of might {unknown}


   Skills:
 + Level 1.7 Dodging
 + Level 2.3 Stealth
 + Level 2.2 Spellcasting
 + Level 0.7 Transmutations
 + Level 4.0 Earth Magic


You had 4 spell levels left.
You knew the following spells:

 Your Spells              Type           Power      Damage    Failure   Level
a - Sandblast             Erth           26%        2d8       4%          1

Your spell library contained the following spells:

 Spells                   Type           Power      Damage    Failure   Level
 Passwall                 Tmut/Erth      6%         N/A       12%         2
 Summon Small Mammal      Summ           4%         N/A       22%         1
 Stone Arrow              Conj/Erth      14%        3d7       28%         3
 Call Canine Familiar     Summ           1%         N/A       54%         3
 Summon Guardian Golem    Hex/Summ       1%         N/A       54%         3
 Petrify                  Tmut/Erth      8%         N/A       63%         4


Dungeon Overview and Level Annotations

Branches:
Dungeon (1/15)

Altars:


Innate Abilities, Weirdness & Mutations

You are immune to sickness and miasma.
Your stone body is resilient. (AC +2)
You are immune to poison.
You resist negative energy. (rN+)
You are resistant to electric shocks. (rElec)
You are resistant to unholy torment.
You are immune to petrification.


Message History

The ball python grabs you. The ball python constricts you.
The goblin closely misses you.
The endoplasm hits you but does no damage.
The frilled lizard closely misses you.
You hit the frilled lizard.
The frilled lizard is heavily wounded.
The ball python bites you but does no damage.
The ball python constricts you. The goblin barely misses you.
The endoplasm hits you but does no damage.
The frilled lizard closely misses you. The ball python closely misses you.
The ball python constricts you.
You miss the frilled lizard.
The frilled lizard is heavily wounded.
The goblin hits you but does no damage. The endoplasm freezes you.
You are frozen.
The ball python closely misses you. The ball python constricts you.
The frilled lizard bites you. The goblin barely misses you.
You closely miss the frilled lizard.
The frilled lizard is heavily wounded.
The ball python closely misses you. The ball python constricts you.
The endoplasm freezes you.
You are frozen.
The frilled lizard bites you but does no damage.
The goblin barely misses you. The ball python closely misses you.
The ball python constricts you. The endoplasm freezes you.
You are frozen.
* * * LOW HITPOINT WARNING * * *
Casting: Sandblast (safe; 4% risk of failure)
Confirm with . or Enter, or press ? or * to list all spells.
Aiming: Sandblast (safe; 4% risk of failure)
Press: ? - help, Shift-Dir - straight line, f - ball python
Aim: a ball python (constricting you, 77% to hit)
The blast of sand hits the ball python!
You kill the ball python!
The frilled lizard barely misses you. The goblin hits you but does no damage.
The endoplasm freezes you.
You are frozen.
You die...

##.#
.#......#####......
#..#
#.......#.....#####
..#.
#..............##.
#.##......#...♣♣♣....
#.#.b.....#..♣♣ ♣♣...
#..........♣♣ ♣♣..
##........♣♣ ♣♣.
#.wgJ....♣♣ ♣♣
#.#.@.....♣ ♣ #
##l###..♣ ♣ #.# #..♣
♣ ..# #..♣ ♣ .#..
#..♣ ♣ ##.. .... ..#
#.... .## #####


You could see a dart slug, an endoplasm, a goblin, a bat and a frilled lizard.

Vanquished Creatures
  An endoplasm (D:1)
  A giant cockroach (D:1)
  A goblin (D:1)
  3 hobgoblins (D:1)
  A kobold (D:1)
  3 ball pythons (D:1)
  A bat (D:1)
  A frilled lizard (D:1)
  A rat (D:1)
13 creatures vanquished.

Notes
Turn   | Place    | Note
-------+----------+-------------------------------------------
     0 | D:1      | jiml777 the Gargoyle Earth Elementalist began the quest for
                  | the Orb.
     0 | D:1      | Reached XP level 1. HP: 10/10 MP: 3/3
   248 | D:1      | Reached XP level 2. HP: 15/15 MP: 0/5
   352 | D:1      | Reached skill level 4 in Earth Magic
   570 | D:1      | Frozen to death by an endoplasm

Illustrated notes

Levels and vault maps discovered:
D:1:      dpeg_arrival_simpleton_b, layout_basic,
          dilly_ecumenical_altar_fadedgnrine, minmay_ruptured

Skill      XL: |  1  2 |
---------------+-------+-----
Earth Magic    | 4 |  4.0
Dodging        | |  1.7
Stealth        | |  2.3
Spellcasting   | |  2.2
Transmutations | |  0.7

Action                   || total
-------------------------++-------
Melee: Unarmed           ||     2
       Rapier            ||     6
       Club              ||     3
 Cast: Sandblast         ||    19
Armor: Robe              ||    11
Dodge: Dodged            ||    21
